 Dungeon Crawl Stone Soup version 0.30-a0-322-g102857c98e (webtiles) character file.

Game seed: 625744275428890770

130 IdlyInterested the Caller (level 4, 0/32 HPs)
             Began as a Demonspawn Wanderer on Oct 27, 2022.
             Slain by a white imp (1 damage)
             ... summoned by the player character
             ... on level 3 of the Dungeon.
             The game lasted 00:08:37 (2246 turns).

IdlyInterested the Caller (Demonspawn Wanderer)     Turns: 2246, Time: 00:08:38

Health: 0/32       AC:  5    Str: 12    XL:     4   Next: 90%
Magic:  2/5        EV: 11    Int: 12    God:
Gold:   108        SH:  3    Dex: 16    Spells: 2/5 levels left

rFire   . . .      SeeInvis .    a - +0 spear (chaos)
rCold   + . .      Faith    .    o - +0 buckler
rNeg    . . .      Spirit   .    d - +0 leather armour
rPois   .          Reflect  .    b - +0 helmet
rElec   .          Harm     .    (no cloak)
rCorr   .          Rampage  .    (no gloves)
Will    .....                    m - +0 pair of boots
Stlth   ++........               (no amulet)
HPRegen 0.25/turn                f - ring of protection from cold
MPRegen 0.09/turn                (no ring)

@: no status effects
A: weakness stinger 2
a: no special abilities


You were on level 3 of the Dungeon.
You visited 1 branch of the dungeon, and saw 3 of its levels.

You collected 108 gold pieces.

Inventory:

Hand Weapons
 a - a +0 spear of chaos (weapon)
 i - a +0 short sword
 k - a +1 dagger of pain
Missiles
 j - 2 poisoned darts
Armour
 b - a +0 helmet (worn)
 d - a +0 leather armour (worn)
 m - a +0 pair of boots (worn)
 o - a +0 buckler (worn)
Jewellery
 f - a ring of protection from cold (left hand)
Scrolls
 l - a scroll of amnesia {unknown}
 p - a scroll of teleportation
Potions
 c - 2 potions of attraction
 e - a potion of might
 g - a potion of mutation {unknown}
 h - a potion of berserk rage


   Skills:
 + Level 1.5 Fighting
 - Level 1.0 Polearms
 - Level 1.0 Armour
 * Level 0.9 Dodging
 - Level 1.0 Stealth
 - Level 1.0 Spellcasting
 * Level 6.0 Summonings
 - Level 1.0 Evocations


You had 2 spell levels left.
You knew the following spells:

 Your Spells              Type           Power      Damage    Failure   Level
a - Summon Small Mammal   Summ           60%        N/A       4%          1
b - Call Imp              Summ           15%        N/A       7%          2

Your spell library contained the following spells:

 Spells                   Type           Power      Damage    Failure   Level
 Shock                    Conj/Air       0%         1d3       47%         1
 Summon Ice Beast         Ice/Summ       7%         N/A       83%         4
 Frozen Ramparts          Ice            0%         1d1       85%         3
 Swiftness                Air            0%         N/A       85%         3
 Airstrike                Air            0%         2d(0-16)  99%         4
 Ice Form                 Ice/Tmut       0%         N/A       99%         4
 Chain Lightning          Conj/Air       0%         N/A       100%        9
 Fire Storm               Conj/Fire      0%         5d1       100%        9
 Shatter                  Erth           0%         3d5*      100%        9


Dungeon Overview and Level Annotations

Branches:
Dungeon (3/15)

Altars:


Innate Abilities, Weirdness & Mutations

You have a tail ending in a sharp stinger.


Message History

The orc wizard mumbles some strange words.
The orc wizard flickers and vanishes!
The orc priest invokes the aid of Beogh against you.
Beogh smites you!
Reach: a) +0 spear (chaos)
Press: ? - help, Dir - move target, f/p - orc priest
Aim: an orc priest, wielding a +0 dagger and wearing a +0 ring mail (almost dead, about 35% to evade your +0 spear of chaos)
You reach to attack!
You closely miss the orc priest.
The orc priest is almost dead.
You hit the orc priest. You burn the orc priest.
You kill the orc priest!
Your Summonings skill increases to level 6!
Unknown command.
Casting: Summon Small Mammal (safe; 4% risk of failure)
Confirm with . or Enter, or press ? or * to list all spells.
A beastly little devil appears in a puff of frigid air.
Something hits you.
* * * LOW HITPOINT WARNING * * *
You hit something. You tail-slap something.
Reactivating autopickup.
You feel a bit more experienced.
You hear some strange, mumbled words.
Your white imp appears confused.
Your white imp barely misses something.
Something hits your white imp. You block your white imp's attack.
Something hits your white imp. You block your white imp's attack.
Something hits your white imp.
Casting: Summon Small Mammal (safe; 4% risk of failure)
Press: ? - help, Q - select action, (/) - cycle Dir - look around, f - activate A magic dart appears from out of thin air!
Deactivating autopickup; reactivate with Ctrl-A.
The magic dart hits you!
* * * LOW HITPOINT WARNING * * *
Reach: a) +0 spear (chaos)
Press: ? - help, Dir - move target You reach to attack!
You miss something. Something hits your white imp.
Unknown command.
Reach: a) +0 spear (chaos)
Press: ? - help, Dir - move target You reach to attack!
You closely miss something.
Your white imp hits you.
You die...

######## .......# .
######.# ##.# ######.#
....# #...##.# ####)..#
#...##.# #.5{...#
.....>.# #@##...#
.......# #r######
......## #.#.##
#.....##########....####
.......................+
##.....######........###
##.#.#.# #.##.#.#.#
##.###.# #.##.###.#
##.....# #.##.# #


You could see a friendly white imp (summoned, confused) and a friendly rat
(summoned).

Vanquished Creatures
  2 orc priests (D:3)
  A dart slug (D:1)
  An orc (D:3)
  4 ball pythons
  3 bats (D:1)
  7 endoplasms
  2 giant cockroaches
  5 hobgoblins
  6 kobolds
  A quokka (D:2)
  5 frilled lizards
  7 goblins
  6 rats
50 creatures vanquished.

Vanquished Creatures (collateral kills)
  An adder (D:3)
  A worm (D:2)
  A dart slug (D:1)
  2 frilled lizards (D:2)
  A kobold (D:2)
6 creatures vanquished.

Vanquished Creatures (others)
  2 plants (D:3)
2 creatures vanquished.

Grand Total: 58 creatures vanquished

Notes
Turn   | Place    | Note
-------+----------+-------------------------------------------
     0 | D:1      | IdlyInterested the Demonspawn Wanderer began the quest for
                  | the Orb.
     0 | D:1      | IdlyInterested set off with the following items: a +0
                  | spear, a +0 helmet, a potion of attraction, a +0 leather
                  | armour; and the following spell memorised: Summon Small
                  | Mammal; and the following spells available to memorise:
                  | Call Imp, Summon Ice Beast.
     0 | D:1      | Reached XP level 1. HP: 15/15 MP: 2/2
    95 | D:1      | Gained mutation: You have a small tail. [demonic ancestry]
    95 | D:1      | Reached XP level 2. HP: 19/21 MP: 1/3
   756 | D:1      | Reached skill level 5 in Summonings
   756 | D:1      | Gained mutation: You have a tail ending in a sharp stinger.
                  | [demonic ancestry]
   756 | D:1      | Reached XP level 3. HP: 26/26 MP: 4/4
  1020 | D:1      | Learned a level 2 spell: Call Imp
  1145 | D:2      | Found a faded altar of an unknown god.
  2099 | D:3      | Reached XP level 4. HP: 28/32 MP: 2/5
  2238 | D:3      | Reached skill level 6 in Summonings
  2244 | D:3      | HP: 1/32 [something/magic dart (7)]
  2246 | D:3      | Slain by a white imp

Illustrated notes

Levels and vault maps discovered:
D:1:      elethiomel_arrival_infinity_welcomes_careful_drivers, layout_basic,
          patterned_corridor
D:2:      layout_loops_ring, ebering_ecumenical_altar_rust
D:3:      layout_loops_corners, lemuel_doored_altar, serial_shops, shop,
          minmay_shallow_snake_nest

Skill      XL: |  1  2  3  4 |
---------------+-------------+-----
Summonings     | 5 6 |  6.0
Fighting       | |  1.5
Polearms       | |  1.0
Armour         | |  1.0
Dodging        | |  0.9
Stealth        | |  1.0
Spellcasting   | |  1.0
Evocations     | |  1.0

Action                   |  1- 3 |  4- 6 || total
-------------------------+-------+-------++-------
Melee: Spear             |   146 |     9 ||   155
       Tailslap          |    14 |     1 ||    15
       Punch             |     1 |       ||     1
 Cast: Summon Small Mamm |    15 |     2 ||    17
       Call Imp          |     1 |     1 ||     2
  Use: Scroll            |     5 |       ||     5
       Potion            |     1 |       ||     1
 Stab: Sleeping          |     5 |       ||     5
Armor: Leather armour    |    39 |       ||    39
Dodge: Dodged            |    57 |       ||    57
Block: Buckler           |     3 |     3 ||     6

Table legend: (Time is in decaauts)
 A = Elapsed time spent in this place.
 B = Non-inter-level travel time spent in this place.
 C = Inter-level travel time spent in this place.
 D = Time resting spent in this place.
 E = Time spent auto-exploring this place.
 F = Levels seen in this place.
 G = Mean time per level.
                   A        B        C        D        E       F      G
               +--------+--------+--------+--------+--------+-----+--------+
         Total |   2256 |   2098 |    158 |     79 |   1498 |   3 |  752.0 |
       Dungeon |   2256 |   2098 |    158 |     79 |   1498 |   3 |  752.0 |
               +--------+--------+--------+--------+--------+-----+--------+

Top non-repeatable levels by time:
     D:1: 1090 daAuts
     D:2: 918 daAuts
     D:3: 248 daAuts
